 Dungeon Crawl Stone Soup version 0.21.1-1-g345015f (webtiles) character file.

19957 diana the Swashbuckler (level 13, -1/83 HPs)
             Began as a Kobold Berserker on May 27, 2018.
             Was a High Priest of Trog.
             Shot with an arrow by a centaur (7 damage)
             ... on level 13 of the Dungeon.
             The game lasted 00:52:48 (17531 turns).

diana the Swashbuckler (Kobold Berserker)          Turns: 17531, Time: 00:52:49

Health: -1/83      AC:  9    Str: 16    XL:     13   Next: 8%
Magic:  4/4        EV: 26    Int: 13    God:    Trog [*****.]
Gold:   710        SH:  0    Dex: 18    Spells: 12/12 levels left

rFire    . . .     SeeInvis .   N - +2 dagger (antimagic)
rCold    . . .     Gourm    .   (shield restricted)
rNeg     + . .     Faith    .   w - +3 leather armour
rPois    .         Spirit   .   B - +0 helmet
rElec    .         Reflect  .   h - +0 cloak
rCorr    .         Harm     +   (no gloves)
MR       ++...                  (no boots)
Stlth    ++++......             u - amulet of harm
HPRegen  1.23/turn              L - ring of positive energy
MPRegen  0.09/turn              y - +3 ring of evasion

@: brilliant, berserk cooldown, regenerating, slowed, very slow
A: small, carnivore
a: Berserk, Trog's Hand, Brothers in Arms, Burn Spellbooks, Renounce Religion


You were on level 13 of the Dungeon.
You worshipped Trog.
Trog was extremely pleased with you.
You were not hungry.

You visited 1 branch of the dungeon, and saw 13 of its levels.

You collected 710 gold pieces.

Inventory:

Hand Weapons
 a - a +2 dagger of electrocution
 K - a +3 dagger
 N - a +2 antimagic dagger (weapon)
Armour
 f - a +2 leather armour of fire resistance
 h - a +0 cloak (worn)
 w - a +3 leather armour (worn)
 B - a +0 helmet (worn)
Jewellery
 j - an uncursed ring of protection from cold
 s - a +3 ring of dexterity {unknown}
 u - an amulet of harm (around neck)
 y - a +3 ring of evasion (right hand)
 I - an uncursed ring of fire
 J - an uncursed ring of flight
 L - a ring of positive energy (left hand)
Wands
 l - a wand of flame (118)
 n - a wand of random effects (31)
 F - a wand of iceblast (6)
Scrolls
 g - 3 scrolls of teleportation
 i - 5 scrolls of magic mapping
 m - 2 scrolls of enchant weapon
 p - 2 scrolls of blinking
 q - 2 scrolls of fog
 t - 6 scrolls of identify
 x - 2 scrolls of random uselessness
 z - 2 scrolls of enchant armour
 A - 7 scrolls of remove curse
 E - a scroll of silence {unknown}
 G - a scroll of amnesia {unknown}
Potions
 d - a potion of flight {unknown}
 e - a potion of mutation {unknown}
 k - a potion of cancellation {unknown}
 o - a potion of magic {unknown}
 r - 3 potions of heal wounds {unknown}
 v - 5 potions of lignification {unknown}
 C - a potion of degeneration {unknown}
 D - 6 potions of curing {unknown}
 H - a potion of haste {unknown}
Comestibles
 c - 26 rations


   Skills:
 * Level 10.5 Fighting
 * Level 17.1 Short Blades
 + Level 5.4 Armour
 * Level 10.9 Dodging
 * Level 8.9 Stealth
 + Level 0.5 Evocations


You had 12 spell levels left.
You didn't know any spells.

Dungeon Overview and Level Annotations

Branches:
Dungeon (13/15)            Temple (0/1) D:6            Lair (0/6) D:8
    Orc (0/2) D:9
 Vaults: D:13-14

Altars:
Ashenzari
Dithmenos
Elyvilon
Nemelex Xobeh
Trog
Wu Jian
Zin

Shops:
D:13 (

Portals:
Trove: D:10 (give +3 ice dragon scales)


Innate Abilities, Weirdness & Mutations

You are small and have problems with some larger weapons.
You are carnivorous and can eat meat at any time.


Message History

You feel a strong urge to attack something.
You feel your anger nearly subside.
You are no longer berserk.
Trog's vigour flows through your veins.
You are exhausted.
You feel yourself slow down.
The centaur shoots an arrow.
The arrow hits you!
* * * LOW HITPOINT WARNING * * *
You see here an arrow.
The centaur shoots an arrow.
The arrow closely misses you.
The centaur warrior shoots an arrow.
The arrow misses you.
You see here 2 arrows.
It was a potion of brilliance.
You feel clever all of a sudden.
The centaur warrior shoots an arrow.
The arrow hits you!
* * * LOW HITPOINT WARNING * * *
The centaur shoots an arrow.
The arrow barely misses you.
Your skin crawls.
You feel resistant to hostile enchantments.
You feel somewhat more hungry.
The centaur shoots an arrow.
The arrow hits you.
You die...

.....#..#####....#####'########..
.....#..^.......[.<.#.........###
#######..#######....#.........#..
#.....#..# .. #....#.........#..
#..#)##..##. #.#..########..#..
#.#.#(#..#.# .#.#.....#...#..#..
#..##.#..#c##..#.#.....#...#..###
#.#.)).....(c# #.#.....#...#..#..
#####.#..#(#####@#.....#...#.>#>.
...........(...c.#...#####.##'#..
........(..(...c.....#..>#....##'
#####.#..#.######....#...#....#..
#.#.[........# #....#...#....#..
#..##.#..#.##c ##...#..##.#####.
#.#.#.#..#.# #......#..#.....
#..#)##..##. #.#......#..#.....
#(....#..# #.#..######'##'###


You could see a centaur warrior and a centaur.

Vanquished Creatures
  A hydra (D:13)
  2 two-headed ogres
  An orc knight (D:13)
  Pikel (D:4)
  A cyclops (D:11)
  2 deep elf magi
  The ghost of MordorOrchid the Jinx, a novice FeEn of Sif Muna (D:10)
  The ghost of Phong the Frost Mage, a novice OpIE (D:7)
  A gargoyle (D:11)
  2 centaur skeletons
  A queen bee (D:8)
  2 trolls (D:10)
  7 hippogriffs
  2 wyverns (D:11)
  A vampire (D:12)
  A shadow (D:12)
  2 wraiths
  28 yaks
  3 hungry ghosts
  2 vampire mosquitoes (D:13)
  2 soldier ants
  2 water moccasins (D:8)
  2 phantoms
  2 ice beasts
  8 orc warriors
  A slave (D:4)
  4 sky beasts
  3 necrophages
  4 ogres
  2 eyes of draining
  7 centaurs
  A boggart (D:13)
  7 bullfrogs
  4 big kobolds
  3 scorpions
  21 killer bees
  4 wights (D:11)
  4 bullfrog zombies
  3 howler monkeys
  2 centaur zombies
  7 crimson imps
  5 hounds
  2 quasits
  3 jellies
  7 orc priests
  8 orc wizards
  A bullfrog skeleton (D:11)
  An iguana (D:9)
  7 worker ants
  2 hound zombies
  A howler monkey zombie (D:6)
  2 gnolls (D:8)
  9 adders
  3 shadow imps
  3 oozes
  An adder skeleton (D:10)
  An adder zombie (D:9)
  3 worms
  4 dart slugs
  The ghost of Iko the Magician, a weakling DEAE (D:5)
  The ghost of Iko the Vexing, a weakling OpAM of Nemelex Xobeh (D:9)
  8 leopard geckos
  52 orcs
  3 ball pythons
  4 bats
  5 giant cockroaches
  9 hobgoblins
  7 jackals (D:1)
  A quokka (D:2)
  6 frilled lizards
  3 goblins
  A jackal skeleton (D:9)
  17 kobolds
  A leopard gecko zombie (D:6)
  8 rats
345 creatures vanquished.

Notes
Turn   | Place    | Note
-------+----------+-------------------------------------------
     0 | D:1      | diana the Kobold Berserker began the quest for the Orb.
     0 | D:1      | Reached XP level 1. HP: 14/14 MP: 1/1
   118 | D:1      | Reached XP level 2. HP: 3/19 MP: 2/2
   775 | D:1      | Reached XP level 3. HP: 21/24 MP: 3/3
   924 | D:1      | Reached skill level 5 in Short Blades
  1411 | D:2      | Reached ** piety under Trog
  1514 | D:2      | Found a shattered altar of Ashenzari.
  1571 | D:2      | Reached XP level 4. HP: 29/29 MP: 4/4
  1682 | D:2      | You fall through a shaft!
  1695 | D:3      | Reached skill level 6 in Short Blades
  2037 | D:3      | Reached XP level 5. HP: 31/33 MP: 5/5
  2129 | D:3      | Reached skill level 7 in Short Blades
  2700 | D:3      | Reached XP level 6. HP: 24/38 MP: 6/6
  2975 | D:3      | Reached skill level 8 in Short Blades
  2990 | D:3      | Reached *** piety under Trog
  3336 | D:4      | Noticed a slave
  3530 | D:4      | Got a bloodstained war axe
  3531 | D:4      | Identified the +1 war axe "Yniuvirgh" {venom, Str+3} (You found it on level 4 of the Dungeon)
  3553 | D:4      | Noticed a slave
  3555 | D:4      | Noticed Pikel
  3556 | D:4      | Noticed a slave
  3557 | D:4      | Noticed a slave
  3563 | D:4      | Killed a slave
  3568 | D:4      | Killed Pikel
  3568 | D:4      | Reached skill level 10 in Short Blades
  3568 | D:4      | Reached XP level 7. HP: 30/42 MP: 7/7
  3979 | D:4      | Found a sparkling altar of Nemelex Xobeh.
  4016 | D:5      | Entered Level 5 of the Dungeon
  4022 | D:5      | Noticed Iko's ghost (weakling DEAE)
  4044 | D:5      | Killed Iko's ghost
  4044 | D:5      | Reached skill level 11 in Short Blades
  4086 | D:5      | Reached XP level 8. HP: 27/48 MP: 8/8
  4623 | D:5      | Reached skill level 12 in Short Blades
  4692 | D:5      | Noticed a hippogriff
  4706 | D:5      | HP: 2/72 [hippogriff (3)]
  4707 | D:5      | Killed a hippogriff
  4885 | D:5      | Reached skill level 13 in Short Blades
  5675 | D:5      | Found a glowing silver altar of Zin.
  5676 | D:5      | Found a shadowy altar of Dithmenos.
  5679 | D:5      | Found a bloodstained altar of Trog.
  5797 | D:6      | Reached XP level 9. HP: 43/52 MP: 9/9
  5874 | D:6      | Found a staircase to the Ecumenical Temple.
  6547 | D:7      | Noticed Phong's ghost (novice OpIE)
  6567 | D:7      | Killed Phong's ghost
  6567 | D:7      | Reached skill level 14 in Short Blades
  6567 | D:7      | Reached skill level 1 in Stealth
  6840 | D:7      | Found a white marble altar of Elyvilon.
  6871 | D:7      | Reached **** piety under Trog
  7445 | D:8      | Reached skill level 5 in Fighting
  7482 | D:8      | Reached XP level 10. HP: 56/59 MP: 10/10
  7485 | D:8      | Reached skill level 5 in Dodging
  8879 | D:8      | Found a staircase to the Lair.
  8973 | D:8      | Reached skill level 15 in Short Blades
  9239 | D:8      | HP: 3/61 [poisoned by a queen bee]
  9245 | D:8      | HP: 3/61 [poisoned by a queen bee]
  9253 | D:8      | HP: 2/61 [poisoned by a queen bee]
  9669 | D:9      | Reached skill level 5 in Stealth
  9937 | D:9      | Found an ornate altar of the Wu Jian Council.
  9953 | D:9      | Reached XP level 11. HP: 65/67 MP: 11/11
  9986 | D:9      | Noticed Iko's ghost (weakling OpAM)
 10033 | D:9      | Killed Iko's ghost
 10724 | D:9      | Reached ***** piety under Trog
 11048 | D:9      | Found a staircase to the Orcish Mines.
 11183 | D:10     | Entered Level 10 of the Dungeon
 12320 | D:10     | Noticed MordorOrchid's ghost (novice FeEn)
 12349 | D:10     | Killed MordorOrchid's ghost
 12349 | D:10     | Reached skill level 16 in Short Blades
 12471 | D:10     | Found a portal to a secret trove of treasure.
 12863 | D:11     | Noticed a cyclops
 12890 | D:11     | Killed a cyclops
 13143 | D:11     | Reached XP level 12. HP: 45/75 MP: 12/12
 13560 | D:11     | Noticed a two-headed ogre
 13578 | D:11     | Killed a two-headed ogre
 14951 | D:12     | Reached skill level 10 in Dodging
 15026 | D:12     | Reached skill level 5 in Armour
 16022 | D:12     | Reached skill level 10 in Fighting
 16595 | D:13     | Noticed a six-headed hydra
 16604 | D:13     | Killed a six-headed hydra
 16684 | D:13     | Reached skill level 17 in Short Blades
 16930 | D:13     | Found Hiutusix's Weapon Boutique.
 16968 | D:13     | Received a gift from Trog
 17041 | D:13     | Noticed a two-headed ogre
 17044 | D:13     | Killed a two-headed ogre
 17044 | D:13     | Reached XP level 13. HP: 83/83 MP: 4/13
 17507 | D:13     | Noticed a centaur warrior
 17530 | D:13     | HP: 4/83 [centaur warrior/arrow (8)]
 17531 | D:13     | Shot with an arrow by a centaur

Skill      XL: |  1  2  3  4  5  6  7  8  9 10 11 12 |
---------------+-------------------------------------+-----
Short Blades   | 5 6 7 10 11 13 14 15 16 17 | 17.1
Fighting       | 5 7 8 10 | 10.5
Armour         | 2 3 4 5 |  5.4
Dodging        | 4 7 9 10 | 10.9
Stealth        | 3 5 7 8 |  8.9
Evocations     | |  0.5

Action                   |  1- 3 |  4- 6 |  7- 9 | 10-12 | 13-15 || total
-------------------------+-------+-------+-------+-------+-------++-------
Melee: Short sword       |   146 |       |       |       |       ||   146
       Dagger            |     2 |   216 |   341 |  1201 |    74 ||  1834
Invok: Berserk           |       |     1 |     4 |     9 |     1 ||    15
       Trog's Hand       |       |       |       |       |     1 ||     1
  Use: Scroll            |       |       |     8 |     1 |       ||     9
       Potion            |       |       |       |       |     1 ||     1
 Stab: Sleeping          |     1 |     1 |     2 |     9 |       ||    13
       Distracted        |       |       |     1 |     4 |       ||     5
  Eat: Chunk             |     6 |     5 |    17 |    31 |     3 ||    62
       Ration            |       |       |     1 |     2 |       ||     3
Armor: Animal skin       |     6 |       |       |       |       ||     6
       Leather armour    |    37 |    33 |    36 |    81 |     6 ||   193
Dodge: Dodged            |   142 |   117 |   183 |   678 |    37 ||  1157
